 Dungeon Crawl Stone Soup version 0.30-a0-1050-g2766ea1e55 (webtiles) character file.

Game seed: 12095236516048967456

559 eliee the Caller (level 7, -7/37 HPs)
             Began as a Kobold Summoner on Apr 11, 2023.
             Mangled by a hornet (15 damage)
             ... on level 4 of the Dungeon.
             The game lasted 00:48:54 (4886 turns).

eliee the Caller (Kobold Summoner)                  Turns: 4886, Time: 00:48:54

Health: -7/37      AC:  5    Str:  3    XL:     7   Next: 57%
Magic:  19/22      EV: 21    Int: 22    God:
Gold:   204        SH:  0    Dex: 21    Spells: 7/16 levels left

rFire   . . .      SeeInvis .    E - +1 hammer of Annihilation {holy, Fragile Int+3 Dex+3}
rCold   + . .      Faith    +    (no shield)
rNeg    . . .      Spirit   .    a - +0 robe
rPois   .          Reflect  .    x - +1 hat
rElec   .          Rampage  .    G - +0 cloak
rCorr   .                        I - +0 pair of gloves
Will    .....                    (no boots)
Stlth   ++++                     J
                                   - Hermit's Pendant {Faith Invo=14 Evo=0 MP+5}
HPRegen 0.26/turn                r - ring "Kunudiux" {Fly rC+ Str-2 Dex+3}
MPRegen 0.18/turn                u - +5 ring of evasion

@: lethally poisoned (-7 -> -11), flying
A: small, no large weapons, nightstalker 3
a: no special abilities


You were on level 4 of the Dungeon.
You visited 1 branch of the dungeon, and saw 4 of its levels.

You collected 204 gold pieces.

Inventory:

Hand Weapons
 c - a +0 short sword
 f - a +0 mace
 g - a +0 mace
 k - a +0 dagger
 p - a +0 hand axe of freezing
 E - the +1 hammer of Annihilation (weapon) {holy, Fragile Int+3 Dex+3}
   (You found it on level 3 of the Dungeon)

   Int:       It affects your intelligence (+3).
   Dex:       It affects your dexterity (+3).
   Fragile:   It will be destroyed if unequipped.
 F - a +2 quarterstaff of chaos
Missiles
 w - a throwing net
 y - 3 poisoned darts
Armour
 a - a +0 robe (worn)
 e - a +0 helmet
 l - a +0 robe
 o - a +0 robe
 v - a scarf of shadows
 x - a +1 hat (worn)
 G - a +0 cloak (worn)
 I - a +0 pair of gloves (worn)
Jewellery
 r - the ring "Kunudiux" (left hand) {Fly rC+ Str-2 Dex+3}
   (You found it on level 2 of the Dungeon)

   [ring of flight]

   Str:       It affects your strength (-2).
   Dex:       It affects your dexterity (+3).
   rC:        It protects you from cold.
   Fly:       It grants you flight.
 u - a +5 ring of evasion (right hand)
 J - the Hermit's Pendant (around neck) {Faith Invo=14 Evo=0 MP+5}
   (You found it on level 4 of the Dungeon)

   [amulet of faith]

   Invo=14: It sets your Invocations skill to 14.
   Evo=0: It sets your Evocations skill to 0.
   It allows you to gain divine favour quickly.
   MP:        It affects your magic capacity (+5).
Scrolls
 d - 5 scrolls of identify {unknown}
 h - a scroll of teleportation {unknown}
 m - 4 scrolls of magic mapping {unknown}
 n - 2 scrolls of enchant armour {unknown}
 s - a scroll of poison {unknown}
 z - a scroll of acquirement {unknown}
 A - a scroll of fear {unknown}
 D - a scroll of immolation {unknown}
 H - a scroll of fog {unknown}
Potions
 b - a potion of magic
 i - a potion of might {unknown}
 j - a potion of curing
 q - a potion of cancellation {unknown}
 t - a potion of haste {unknown}
 B - a potion of lignification {unknown}
 C - 2 potions of mutation {unknown}


   Skills:
 + Level 0.9 Fighting
 + Level 1.5 Short Blades
 + Level 0.6(0.7) Axes
 + Level 0.1(0.4) Maces & Flails
 + Level 3.2 Dodging
 + Level 3.4 Stealth
 + Level 5.3 Spellcasting
 + Level 6.1 Summonings


You had 7 spell levels left.
You knew the following spells:

 Your Spells              Type           Power      Damage    Failure   Level
a - Summon Small Mammal   Summ           100%       N/A       1%          1
b - Call Canine Familiar  Summ           33%        N/A       2%          3
c - Call Imp              Summ           66%        N/A       1%          2
d - Summon Guardian Gole  Hex/Summ       19%        N/A       9%          3

Your spell library contained the following spells:

 Spells                   Type           Power      Damage    Failure   Level
 Slow                     Hex            20%        N/A       10%         1
 Lesser Beckoning         Tloc           10%        N/A       14%         2
 Summon Lightning Spire   Summ/Air       19%        N/A       26%         4
 Confusing Touch          Hex            5%         N/A       28%         3
 Gell's Gravitas          Tloc           5%         N/A       28%         3
 Portal Projectile        Hex/Tloc       10%        N/A       28%         3
 Teleport Other           Tloc           5%         N/A       28%         3
 Tukima's Dance           Hex            5%         N/A       28%         3
 Vampiric Draining        Necr           5%         2d6       28%         3
 Blade Hands              Tmut           2%         N/A       95%         5


Dungeon Overview and Level Annotations

Branches:
Dungeon (4/15)
 Temple: D:4-7

Altars:

Shops:
D:3 (   D:4 (


Innate Abilities, Weirdness & Mutations

You are small and have problems with some larger weapons.
You are completely attuned to the shadows.


Message History

A tiny devil pulls itself out of the air.
Casting: Call Imp (safe; 1% risk of failure)
Confirm with . or Enter, or press ? or * to list all spells.
The giant cockroach closely misses you.
Your cerulean imp closely misses the giant cockroach.
You hit the giant cockroach.
You kill the giant cockroach!
You swap places.
You swap places.
Your cerulean imp hits the hornet but does no damage.
Your hound closely misses the hornet.
Your hound closely misses the hornet.
Your cerulean imp hits the hornet but does no damage.
Your hound closely misses the hornet.
Your cerulean imp misses the hornet.
The hornet attacks as you move away! The hornet barely misses you.
Your cerulean imp hits the hornet but does no damage.
The hornet closely misses you.
Your hound misses the hornet. The hornet attacks as you move away!
The hornet stings you!
You feel yourself slow down. The hornet barely misses you.
Your hound bites the hornet.
Your cerulean imp hits the hornet but does no damage.
The hornet stings you.
You are poisoned.
You feel as though you will be slow longer.
You feel yourself speed up.
You feel very sick.
Your hound bites the hornet but does no damage.
The hornet stings you but does no damage.
Your cerulean imp hits the hornet but does no damage.
Your hound bites the hornet.
The hornet stings you!
* * * LOW HITPOINT WARNING * * *
You feel yourself slow down.
Your cerulean imp misses the hornet.
Your hound barely misses the hornet.
Casting: Call Canine Familiar (dangerous; 2% risk of failure)
Confirm with . or Enter, or press ? or * to list all spells.
A guardian golem appears, shielding your allies.
You feel yourself speed up.
You feel sick. The hornet stings you!
You die...

#.##≈....≈♣♣ ♣♣≈....
#....## #.##≈....≈♣ ♣≈....
#....# #.##≈....≈♣ ♣≈....
#....# #)##≈....≈♣♣
♣♣≈....≈#<.###
#.##≈....≈.♣♣♣♣.≈.^..≈##.#
#.##≈≈....≈≈≈≈≈≈....≈≈ #.#
#.###≈≈............≈≈# #.#
#.# ##≈≈....yh5...≈≈# #.#
#.# ##≈≈...@....≈≈## #.#
#.# ##≈≈....9.≈≈## #.# #.#
##≈≈≈≈≈≈≈≈## #.#### #.#
########## #..... #.#
###### #.# #.#### #....#
###.##


You could see a hornet (ally target), a friendly guardian golem (summoned), a
friendly hound (summoned, sheltered) and a friendly cerulean imp (summoned,
sheltered).

Vanquished Creatures
  2 adders (D:3)
  A gnoll (D:2)
  A dart slug (D:2)
  2 bats
  3 endoplasms
  2 giant cockroaches
  2 goblins
  3 hobgoblins
  3 jackals (D:1)
  5 ball pythons
  A rat (D:1)
25 creatures vanquished.

Vanquished Creatures (collateral kills)
  A scorpion (D:4)
  A howler monkey (D:4)
  3 hounds (D:4)
  A gnoll bouda (D:4)
  Crazy Yiuf (D:3)
  An iguana (D:4)
  Natasha (thrice) (D:4)
  7 gnolls
  2 adders (D:3)
  2 dart slugs
  4 orcs
  3 ball pythons
  5 bats
  6 endoplasms
  2 giant cockroaches
  7 goblins
  8 hobgoblins
  6 jackals
  2 quokkas
  4 frilled lizards
  4 kobolds
  4 rats
77 creatures vanquished.

Vanquished Creatures (others)
  A ball python (D:2)
1 creature vanquished.

Grand Total: 103 creatures vanquished

Notes
Turn   | Place    | Note
-------+----------+-------------------------------------------
     0 | D:1      | eliee the Kobold Summoner began the quest for the Orb.
     0 | D:1      | Reached XP level 1. HP: 10/10 MP: 3/3
   454 | D:1      | Reached XP level 2. HP: 15/15 MP: 1/5
   717 | D:1      | Reached skill level 1 in Short Blades
   799 | D:1      | Reached XP level 3. HP: 19/19 MP: 3/6
  1394 | D:2      | Identified the ring "Kunudiux" {Fly rC+ Str-2 Dex+3}
  1413 | D:2      | Learned a level 3 spell: Call Canine Familiar
  1421 | D:2      | Learned a level 2 spell: Call Imp
  1487 | D:2      | Found a faded altar of an unknown god.
  1772 | D:2      | Reached XP level 4. HP: 24/24 MP: 1/8
  2500 | D:3      | Reached XP level 5. HP: 28/28 MP: 6/9
  2534 | D:3      | Learned a level 3 spell: Summon Guardian Golem
  2607 | D:3      | Found Seampede's Weapon Emporium.
  2861 | D:3      | Reached skill level 5 in Summonings
  3107 | D:3      | Found a runed translucent door.
  3107 | D:3      | Identified the +1 hammer of Annihilation {holy, Fragile
                  | Int+3 Dex+3}
  3110 | D:3      | Noticed Crazy Yiuf
  3171 | D:3      | Killed Crazy Yiuf
  3346 | D:4      | Reached XP level 6. HP: 33/33 MP: 5/11
  3684 | D:4      | Noticed Natasha
  3797 | D:4      | Killed Natasha
  3812 | D:4      | Reached XP level 7. HP: 37/37 MP: 5/13
  3838 | D:4      | Noticed Natasha
  3860 | D:4      | Killed Natasha
  3985 | D:4      | Reached skill level 6 in Summonings
  4014 | D:4      | Reached skill level 5 in Spellcasting
  4023 | D:4      | Noticed Natasha
  4025 | D:4      | Killed Natasha
  4316 | D:4      | Found Lolihog's Antique Weapon Shop.
  4809 | D:4      | Found the Hermit's Pendant {Faith Invo=14 Evo=0 MP+5}
  4828 | D:4      | Noticed a hornet
  4886 | D:4      | Mangled by a hornet

Illustrated notes

Levels and vault maps discovered:
D:1:      erik_arrival_cave_to_civilisation [erik_arrival_cave_to_hall],
          layout_basic, hangedman_decor_push
D:2:      layout_loops_ring, chequers_ecumenical_altar_simple_redux,
          minmay_stone_trees_small
D:3:      layout_rooms, serial_shops, nicolae_shop_bloodbath_and_beyond,
          uniq_crazy_yiuf_cottage
D:4:      layout_basic, serial_shops, shop, kennysheep_big_empty_room,
          minmay_cupped, uniq_natasha

Skill      XL: |  1  2  3  4  5  6  7 |
---------------+----------------------+-----
Short Blades   | 1 |  1.5
Stealth        | 3 |  3.4
Dodging        | 3 |  3.2
Spellcasting   | 3 4 5 |  5.3
Summonings     | 5 6 |  6.1
Fighting       | |  0.9
Axes           | |  0.6
Maces & Flails | |  0.1

Action                     |  1- 3 |  4- 6 |  7- 9 || total
---------------------------+-------+-------+-------++-------
  Melee: Short sword       |    37 |       |       ||    37
         Unarmed           |     1 |       |       ||     1
         Hand axe          |    26 |    20 |       ||    46
         Mace              |       |     7 |     2 ||     9
         Punch             |       |     1 |       ||     1
   Cast: Summon Small Mamm |    36 |     3 |       ||    39
         Call Canine Famil |     5 |    19 |    11 ||    35
         Call Imp          |     3 |    27 |     9 ||    39
         Summon Guardian G |       |       |     1 ||     1
   Stab: Sleeping          |     3 |       |       ||     3
         Distracted        |     2 |       |       ||     2
 Armour: Robe              |    12 |     7 |     1 ||    20
  Dodge: Dodged            |    77 |    26 |    10 ||   113

Table legend: (Time is in decaauts)
 A = Elapsed time spent in this place.
 B = Non-inter-level travel time spent in this place.
 C = Inter-level travel time spent in this place.
 D = Time resting spent in this place.
 E = Time spent auto-exploring this place.
 F = Levels seen in this place.
 G = Mean time per level.
                   A        B        C        D        E       F      G
               +--------+--------+--------+--------+--------+-----+--------+
         Total |   4899 |   4875 |     24 |    751 |   2575 |   4 | 1224.8 |
       Dungeon |   4899 |   4875 |     24 |    751 |   2575 |   4 | 1224.8 |
               +--------+--------+--------+--------+--------+-----+--------+

Top non-repeatable levels by time:
     D:4: 1481 daAuts
     D:1: 1359 daAuts
     D:2: 1085 daAuts
     D:3: 973 daAuts
